AoeStats
← Leão

African Clearing

505009744Analyzed
4v4 RM · 24d ago on Sep 7, 2026· 48m 14s· 8 players
Game mode
Random Map
Map size
Large (8 player)
Population
200
Speed
Normal
Resources
Standard
Victory
Conquest
Starting age
Dark Age
Ending age
Imperial Age
RankedLock teamsTeams togetherTeam positionsShared explorationLock speedFull tech treeHidden civsTurbo modeCheats
Victory
Defeat
🇯🇵 Chinese · Japan
1371
+13
🇨🇳 Berbers · China
1356
+14
🇨🇳 Huns · China
1321
+15
🇹🇼 Koreans · Taiwan
1315
+16
🇺🇸 Mapuche · United States
1358
-16
🇸🇰 Byzantines · Slovakia
1300
-14
🇧🇷 Berbers · Brazil
1294
-14
🇧🇷 Persians · Brazil
1290
-14
shi nong gong shang
3:57 Loom
14:49 Feudal Age
19:14 Castle Age
17:09 Double-Bit Axe
17:30 Stone Mining
30:30 Fishing Lines
30:44 Horse Collar
33:12 Fletching
35:18 Bow Saw
35:44 Wheelbarrow
35:14 Heavy Plow
38:23 Imperial Age
36:33 Bodkin Arrow
36:38 Padded Archer Armor
38:16 Leather Archer Armor
39:47 Bracer
40:17 Ring Archer Armor
43:31 Chemistry
42:52 Ballistics
42:18 Capped Ram
43:38 Siege Ram
47:18 Conscription
46:19 Elite Chu Ko Nu
47:08 Thumb Ring
48:26 Two-Man Saw
hobbyya
5:01 Loom
15:57 Feudal Age
20:07 Castle Age
18:49 Double-Bit Axe
21:10 Bow Saw
24:26 Town Watch
28:22 Fishing Lines
29:37 Gillnets
33:01 Fletching
34:42 Wheelbarrow
34:17 Bodkin Arrow
37:23 Imperial Age
35:56 Murder Holes
36:21 Ballistics
37:01 Scale Mail Armor
37:11 Forging
36:49 Arson
37:04 Squires
37:27 Elite Fire Lancer
38:23 Chain Mail Armor
39:18 Iron Casting
39:32 Bracer
40:17 Arrowslits
41:32 Chemistry
40:19 Elite Skirmisher
42:45 Plate Mail Armor
42:37 Eupseong
42:58 Conscription
42:43 Gold Mining
42:43 Stone Mining
44:24 Siege Engineers
46:08 Hand Cart
47:35 Elite War Wagon
很蓝的啦
9:03 Loom
13:09 Feudal Age
13:44 Double-Bit Axe
15:26 Town Watch
15:57 Horse Collar
17:29 Forging
19:09 Man-at-Arms
22:51 Wheelbarrow
22:47 Stone Mining
25:50 Castle Age
24:25 Gold Mining
32:11 Stone Shaft Mining
35:59 Fletching
36:09 Padded Archer Armor
38:41 Hand Cart
42:16 Imperial Age
41:01 Bloodlines
40:52 Husbandry
41:21 Scale Barding Armor
41:51 Iron Casting
41:14 Light Cavalry
42:02 Heavy Plow
42:15 Bow Saw
42:45 Gold Shaft Mining
42:09 Bodkin Arrow
42:29 Leather Archer Armor
42:50 Chain Barding Armor
42:45 Kasbah
44:10 Blast Furnace
42:48 Cavalier
44:20 Plate Barding Armor
45:23 Squires
44:49 Pikeman
46:06 Conscription
45:16 Long Swordsman
46:48 Scale Mail Armor
46:09 Two-Handed Swordsman
46:35 Arson
47:31 Leather Archer Armor
48:52 Chain Mail Armor
666
9:45 Loom
12:43 Feudal Age
14:41 Bloodlines
15:18 Forging
15:14 Scale Barding Armor
20:34 Wheelbarrow
23:46 Castle Age
23:49 Light Cavalry
24:30 Husbandry
24:53 Chain Barding Armor
25:09 Iron Casting
27:42 Pikeman
28:26 Scale Mail Armor
30:36 Double-Bit Axe
44:34 Horse Collar
BoogStasher3000
3:24 Loom
13:49 Feudal Age
15:51 Double-Bit Axe
23:22 Castle Age
21:32 Fletching
21:52 Horse Collar
22:17 Padded Archer Armor
22:53 Stone Mining
24:41 Wheelbarrow
24:18 Bow Saw
26:30 Heavy Plow
26:31 Bodkin Arrow
26:46 Crossbowman
35:31 Gold Mining
36:37 Pikeman
41:47 Imperial Age
40:15 Ballistics
40:06 Masonry
41:06 Leather Archer Armor
41:05 Scale Mail Armor
41:16 Forging
43:06 Architecture
45:54 Chain Mail Armor
46:14 Iron Casting
45:28 Halberdier
48:50 Plate Mail Armor
49:20 Blast Furnace
[RZ] Matheus
3:27 Loom
3:35 Loom
13:46 Feudal Age
14:14 Double-Bit Axe
18:05 Wheelbarrow
22:15 Castle Age
20:12 Gold Mining
20:50 Scale Barding Armor
21:18 Bloodlines
28:06 Husbandry
41:18 Hand Cart
42:36 Town Watch
43:44 Fletching
43:54 Padded Archer Armor
47:07 Imperial Age
45:11 Parthian Tactics
Leão
6:31 Loom
13:55 Feudal Age
14:56 Double-Bit Axe
18:40 Forging
18:26 Fletching
25:02 Castle Age
24:33 Padded Archer Armor
34:43 Leather Archer Armor
37:10 Bow Saw
39:33 Bloodlines
43:24 Wheelbarrow
Arrowcarrier
15:59 Feudal Age
15:16 Loom
20:41 Castle Age
22:20 Scale Barding Armor
22:31 Husbandry
23:56 Horse Collar
24:03 Double-Bit Axe
28:54 Wheelbarrow
32:16 Imperial Age
30:05 Hand Cart
32:16 Forging
32:27 Chain Barding Armor
32:19 Heavy Camel Rider
33:49 Iron Casting
35:44 Chemistry
35:05 Ballistics
37:58 Cavalier
40:32 Conscription
40:14 Elite Cataphract
41:00 Paladin
42:20 Plate Barding Armor
Connection lost

Rejoining the realm…

Still unreachable

The connection could not be restored.

Session expired

The server has moved on; the page needs a fresh start.